 Dungeon Crawl Stone Soup version 0.22-a0-815-gb582571 (webtiles) character file.

103 vineage the Skirmisher (level 5, 0/43 HPs)
             Began as a Formicid Fighter on July 23, 2018.
             Slain by Crazy Yiuf
             ... wielding a +2 quarterstaff of chaos
              (9 damage)
             ... on level 2 of the Dungeon.
             The game lasted 00:02:16 (1356 turns).

vineage the Skirmisher (Formicid Fighter)           Turns: 1356, Time: 00:02:16

Health: 0/43       AC:  6    Str: 26    XL:     5   Next: 6%
Magic:  5/5        EV:  8    Int:  7    God:
Gold:   130        SH: 10    Dex: 11    Spells: 4/4 levels left

rFire    . . .     SeeInvis +   a - +0 war axe
rCold    . . .     Gourm    .   c - +0 shield
rNeg     . . .     Faith    .   b - +0 scale mail
rPois    .         Spirit   .   (helmet unavailable)
rElec    .         Reflect  .   (no cloak)
rCorr    .         Harm     .   (no gloves)
MR       .....                  (no boots)
Stlth    +.........             (no amulet)
HPRegen  0.14/turn              s - ring of stealth
MPRegen  0.09/turn              (no ring)

@: mighty, very slightly contaminated, invisible
A: permanent stasis, dig shafts and tunnels, four strong arms, antennae 3
a: Dig, Shaft Self


You were on level 2 of the Dungeon.
You were not hungry.

You visited 1 branch of the dungeon, and saw 2 of its levels.

You collected 130 gold pieces.

Inventory:

Hand Weapons
 a - a +0 war axe (weapon)
Armour
 b - a +0 scale mail (worn)
 c - a +0 shield (worn)
Jewellery
 s - a ring of stealth (left hand)
Scrolls
 h - a scroll of fear {unknown}
 i - a scroll of blinking {unknown}
 l - a scroll of enchant weapon {unknown}
 m - a scroll of teleportation {unknown}
 n - a scroll of remove curse
 t - a scroll of noise {unknown}
Potions
 e - a potion of lignification {unknown}
 g - 3 potions of curing
 o - a potion of berserk rage {unknown}
 p - a potion of brilliance {unknown}
 q - a potion of heal wounds {unknown}
 r - a potion of resistance {unknown}
Comestibles
 f - 7 rations


   Skills:
 + Level 4.8 Fighting
 + Level 3.6 Axes
 - Level 3.2 Armour
 - Level 3.6 Shields


You had 4 spell levels left.
You didn't know any spells.
Your spell library was empty.

Dungeon Overview and Level Annotations

Branches:
Dungeon (2/15)

Altars:

Annotations:
D:2 Crazy Yiuf


Innate Abilities, Weirdness & Mutations

You cannot be hasted, slowed, berserked, paralysed or teleported.
You can dig through walls and to a lower floor.
Your four strong arms can wield two-handed weapons with a shield.
You have a pair of large antennae on your head. (SInv)


Message History

You barely miss Crazy Yiuf.
Crazy Yiuf hits you with a quarterstaff of chaos!
You are lethally poisoned!
Crazy Yiuf hits you but does no damage.
You fade into invisibility!
You are very lightly contaminated with residual magic.
You closely miss Crazy Yiuf.
You feel very sick.
Crazy Yiuf hits you with a quarterstaff of chaos.
Crazy Yiuf burns you.
You closely miss Crazy Yiuf.
* * * LOW HITPOINT WARNING * * *
You feel very sick. You block Crazy Yiuf's attack.
You feel better.
Crazy Yiuf hits you with a quarterstaff of chaos!
* * * LOW HITPOINT WARNING * * *
You feel very mighty all of a sudden. Crazy Yiuf hits you but does no damage.
You are electrocuted!
You die...

...#####.......#
##.# ##.....## .#.#
##...## .#.# #####
.#.#### ......#
..###.#### #####
..###))#)## ###..)#
..#...).))####!'@g.#
.....)).)).#..##...#
##....)#).#.########
#.....#######
..#####
..##############
#......##.##.#.#
######.........##
##..............##


You could see Crazy Yiuf.

Vanquished Creatures
  3 adders (D:2)
  5 oozes
  2 worms (D:2)
  A dart slug (D:1)
  2 leopard geckos (D:2)
  3 giant cockroaches
  4 goblins
  8 hobgoblins
  2 kobolds (D:1)
  5 bats
  4 frilled lizards (D:1)
  8 rats
47 creatures vanquished.

Notes
Turn   | Place    | Note
-------+----------+-------------------------------------------
     0 | D:1      | vineage the Formicid Fighter began the quest for the Orb.
     0 | D:1      | Reached XP level 1. HP: 18/18 MP: 1/1
    31 | D:1      | Reached XP level 2. HP: 14/24 MP: 2/2
   217 | D:1      | Reached XP level 3. HP: 27/30 MP: 3/3
   320 | D:1      | Reached skill level 4 in Fighting
   769 | D:2      | Reached XP level 4. HP: 37/37 MP: 4/4
  1123 | D:2      | Reached XP level 5. HP: 43/43 MP: 5/5
  1200 | D:2      | Found a runed door.
  1346 | D:2      | Noticed Crazy Yiuf
  1356 | D:2      | Slain by Crazy Yiuf

Vault maps used:
D:1:      onia_arrival_pentagram, minivault_4
D:2:      minmay_split_cup_small, uniq_crazy_yiuf_cottage

Skill      XL: |  1  2  3 |
---------------+----------+-----
Fighting       | 4 |  4.8
Axes           | 3 |  3.6
Armour         | |  3.2
Shields        | |  3.6

Action                   |  1- 3 |  4- 6 || total
-------------------------+-------+-------++-------
Melee: War axe           |    76 |    60 ||   136
  Use: Scroll            |       |     3 ||     3
       Potion            |       |     2 ||     2
  Eat: Ration            |       |     1 ||     1
Armor: Scale mail        |    32 |    25 ||    57
Dodge: Dodged            |    17 |    18 ||    35
Block: Shield            |    46 |    26 ||    72

Table legend:
 A = Spawn XP
 B = Non-spawn XP
 C = Spawn XP percentage of total XP
 D = Spawn monster count
 E = Non-spawn monster count
 F = Spawn count percentage of total count
 G = Total turns spent on level
                    A         B        C        D         E        F      G
               +---------+---------+-------+---------+---------+-------+---------
         Total |       0 |     148 |   0.0 |       0 |      47 |   0.0 |  1356
               +---------+---------+-------+---------+---------+-------+---------
           D:1 |       0 |      46 |   0.0 |       0 |      22 |   0.0 |   739
           D:2 |       0 |     102 |   0.0 |       0 |      25 |   0.0 |   617
               +---------+---------+-------+---------+---------+-------+---------
